 Dungeon Crawl Stone Soup version 0.31-a0-1476-g8a4046af8c (webtiles) character file.

Game seed: 9408230152471173758

3885 Ivernyr the Cruncher (level 10, -2/79 (80) HPs)
             Began as a Formicid Fighter on Dec 29, 2023.
             Was a Believer of Wu Jian.
             Slain by a manticore (11 damage)
             ... on level 8 of the Dungeon.
             The game lasted 00:20:01 (9738 turns).

Ivernyr the Cruncher (Formicid Fighter)             Turns: 9738, Time: 00:20:02

HP:   -2/79 (80)    AC:  9    Str: 25    XL:     10   Next: 42%
MP:   10/10         EV: 11    Int:  8    God:    Wu Jian [**....]
Gold: 1181          SH:  6    Dex: 15    Spells: 9/9 levels left

rFire   . . .        a - +0 quarterstaff
rCold   + . .        c - +0 buckler
rNeg    . . .        b - +2 leather armour "Xinwucki" {rElec rC+ Dex+2}
rPois   +            (helmet unavailable)
rElec   +            (no cloak)
rCorr   .            o - +0 pair of gloves
SInv    +            d - +1 pair of boots
Will    +....        (no amulet)
Stlth   +            m - ring of poison resistance
HPRegen 0.33/turn    (no ring)
MPRegen 0.12/turn

%: no passive effects
@: spiked, lightly drained
A: permanent stasis, dig shafts and tunnels, antennae 3, four strong arms
a: Dig, Shaft Self, Renounce Religion, Wall Jump


You were on level 8 of the Dungeon.
You worshipped Wu Jian.
Wu Jian was pleased with you.
You visited 2 branches of the dungeon, and saw 10 of its levels.
You also visited: Bailey.

You collected 1296 gold pieces.
You spent 115 gold pieces at shops.

Inventory:

Hand Weapons
 a - a +0 quarterstaff (weapon)
Armour
 b - the +2 leather armour "Xinwucki" (worn) {rElec rC+ Dex+2}
   (You found it on level 3 of the Dungeon)

   Dex+2:     It affects your dexterity (+2).
   rC+:       It protects you from cold.
   rElec:     It insulates you from electricity.
 c - a +0 buckler (worn)
 d - a +1 pair of boots (worn)
 o - a +0 pair of gloves (worn)
Jewellery
 m - a ring of poison resistance (left hand)
Wands
 k - a wand of roots (4)
Scrolls
 i - 2 scrolls of amnesia {unknown}
 l - 4 scrolls of immolation {unknown}
 q - a scroll of brand weapon {unknown}
 r - 3 scrolls of enchant weapon {unknown}
 t - 2 scrolls of teleportation {unknown}
 u - a scroll of fear {unknown}
 v - a scroll of vulnerability {unknown}
Potions
 e - a potion of enlightenment {unknown}
 f - 4 potions of curing {unknown}
 g - 2 potions of mutation {unknown}
 h - a potion of might
 j - 2 potions of attraction {unknown}
 n - 3 potions of invisibility {unknown}
 p - 4 potions of heal wounds {unknown}
 s - a potion of lignification {unknown}


   Skills:
 + Level 7.9 Fighting
 * Level 9.3 Staves
 + Level 7.8 Armour
 + Level 9.3 Shields


You had 9 spell levels left.
You didn't know any spells.
Your spell library contained the following spells:

 Spells                   Type           Power      Damage    Failure   Level
 Kiss of Death            Conj/Necr      0%         2d5       50%         1
 Magic Dart               Conj           0%         1d3       50%         1
 Sandblast                Erth           0%         2d4       50%         1
 Call Imp                 Summ           0%         N/A       63%         2
 Cigotuvi's Dreadful Rot  Necr/Alch/Air  0%         N/A       63%         2
 Confusing Touch          Hex            0%         N/A       86%         3
 Gell's Gravitas          Tloc           0%         N/A       86%         3
 Inner Flame              Hex/Fire       0%         N/A       86%         3
 Passwall                 Erth           0%         N/A       86%         3
 Stone Arrow              Conj/Erth      0%         3d7       86%         3
 Teleport Other           Tloc           0%         N/A       86%         3
 Brom's Barrelling Bould  Conj/Erth      0%         2d3       99%         4
 Dispel Undead            Necr           0%         3d6       99%         4
 Flame Wave               Conj/Fire      0%         2d4       99%         4
 Martyr's Knell           Necr/Summ      0%         N/A       99%         4
 Sticky Flame             Fire/Alch      0%         2d4       99%         4
 Death Channel            Necr           0%         N/A       100%        6
 Dispersal                Tloc           0%         N/A       100%        6
 Blink                    Tloc           Unusable   N/A       N/A         2

Dungeon Overview and Level Annotations

Branches:
Dungeon (9/15)             Temple (1/1) D:5            Lair (0/5) D:8
 Bailey (visited)
    Orc: D:9-12

Altars:
Ashenzari
Cheibriados
Dithmenos
Elyvilon
Fedhas
Gozag
Hepliaklqana
Kikubaaqudgha
Makhleb
Nemelex Xobeh
Okawaru
Qazlal
Ru
Sif Muna
Trog
Uskayaw
Vehumet
Wu Jian
Xom
Yredelemnul
Zin
The Shining One

Shops:
D:4 ?   D:6 [

Annotations:
D:5 Pikel
D:9 1 runed translucent door


Innate Abilities, Weirdness & Mutations

You cannot be hasted, slowed, berserked, paralysed or teleported.
You can dig through walls and to a lower floor.
You have a pair of large antennae on your head. (SInv)
Your four strong arms can wield two-handed weapons with a shield.


Message History

The volley of spikes skewers you.
The barbed spikes become lodged in your body.
The manticore flicks its tail.
The volley of spikes skewers you!
The barbed spikes become lodged in your body.
The orc wizard mumbles some strange words.
The orc wizard flickers and vanishes for a moment.
The manticore flicks its tail.
The volley of spikes skewers you but does no damage.
The manticore flicks its tail.
The volley of spikes skewers you!
The barbed spikes become lodged in your body.
The manticore misses you.
The manticore claws you but does no damage.
The manticore closely misses you.
You hit the manticore.
The manticore is lightly wounded.
The manticore bites you!
The manticore claws you but does no damage.
The manticore claws you.
You thump the manticore!
The manticore is moderately wounded.
The manticore completely misses you. The manticore misses you.
You block the manticore's attack.
You hit the manticore.
The manticore is moderately wounded.
The manticore closely misses you.
The manticore claws you but does no damage.
The manticore claws you.
* * * LOW HITPOINT WARNING * * *
You sock the manticore!
The manticore is heavily wounded.
The manticore bites you!
* * * LOW HITPOINT WARNING * * *
The manticore barely misses you. The manticore closely misses you.
You hit the manticore.
The manticore is heavily wounded.
Unknown command.
You block the manticore's attack. The manticore claws you!
You die...

>.. ##
####. .....
, ###. #.
##..
....#####
#..#
.....oH.#
#... #@#
########.#.
#.#
#..>..##.#)
#.#
#........#)
####.####
#..........
#.......#
#......####
#######.#
#......#
#.#
###.##.#
#######.##
#....#
#........#
####.#


You could see a manticore and an orc wizard (invisible).

Vanquished Creatures
  Jeremiah (D:7)
  A troll (D:9)
  A yak (D:8)
  A wyvern (D:8)
  A steam dragon (D:8)
  Edmund (D:5)
  2 orc warriors
  A black bear (D:3)
  4 ogres
  2 sky beasts
  2 centaurs
  A lemure (D:5)
  A phantom (D:6)
  A kobold brigand (D:7)
  2 bullfrogs
  6 scorpions
  A killer bee (D:8)
  5 howler monkeys
  A hound (D:5)
  7 orc priests
  2 bombardier beetles
  2 gnoll boudas
  An iguana (D:7)
  A sleepcap (D:5)
  10 orc wizards
  14 gnolls
  8 adders
  A worm (D:3)
  3 dart slugs
  38 orcs
  5 endoplasms
  6 giant cockroaches
  18 goblins
  13 hobgoblins
  11 kobolds
  6 quokkas
  15 ball pythons
  4 bats
  A goblin skeleton (D:9)
  9 rats
210 creatures vanquished.

Vanquished Creatures (others)
  A kobold (D:8)
1 creature vanquished.

Grand Total: 211 creatures vanquished

Notes
Turn   | Place    | Note
-------+----------+-------------------------------------------
     0 | D:1      | Ivernyr the Formicid Fighter began the quest for the Orb.
     0 | D:1      | Reached XP level 1. HP: 18/18 MP: 1/1
    34 | D:1      | Reached XP level 2. HP: 20/20 MP: 2/2
   259 | D:1      | Reached XP level 3. HP: 25/25 MP: 3/3
   891 | D:2      | Reached XP level 4. HP: 35/35 MP: 4/4
  1269 | D:3      | Reached XP level 5. HP: 37/42 MP: 5/5
  1363 | D:3      | Noticed an ogre
  1383 | D:3      | Killed an ogre
  1384 | D:3      | Reached skill level 5 in Shields
  1384 | D:3      | Reached XP level 6. HP: 11/48 MP: 6/6
  1598 | D:3      | Noticed a black bear
  1619 | D:3      | Killed a black bear
  2583 | D:3      | Found a faded altar of an unknown god.
  2605 | D:3      | Identified the +2 leather armour "Xinwucki" {rElec rC+
                  | Dex+2}
  2783 | D:4      | Reached XP level 7. HP: 51/55 MP: 7/7
  2860 | D:4      | Found a broken altar of Ashenzari.
  3301 | D:4      | Reached skill level 5 in Fighting
  3301 | D:4      | Reached skill level 5 in Staves
  3392 | D:4      | Found Ataletwi's Magic Scroll Shoppe.
  3923 | D:5      | Entered Level 5 of the Dungeon
  3934 | D:5      | Noticed Pikel
  4175 | D:5      | Noticed Edmund
  4176 | D:5      | Found a staircase to the Ecumenical Temple.
  4202 | D:5      | Killed Edmund
  4203 | D:5      | Reached skill level 5 in Armour
  4203 | D:5      | Reached XP level 8. HP: 30/62 MP: 8/8
  4327 | Temple   | Entered the Ecumenical Temple
  4405 | Temple   | Became a worshipper of the Wu Jian Council
  4770 | D:5      | Found a blossoming altar of Fedhas.
  4771 | D:5      | Found a stormy altar of Qazlal.
  5022 | D:5      | Found a sacrificial altar of Ru.
  5349 | D:6      | Identified a scroll of acquirement
  5350 | D:6      | Acquired 876 gold pieces
  5382 | D:5      | Reached XP level 9. HP: 53/69 MP: 9/9
  5882 | D:6      | Found Xeurenah's Armour Boutique.
  5886 | D:6      | Bought a +1 pair of boots for 115 gold pieces
  6125 | D:6      | Found a shadowy altar of Dithmenos.
  6972 | D:7      | Reached * piety under Wu Jian
  7132 | D:7      | Noticed Jeremiah
  7172 | D:7      | HP: 2/63 [Jeremiah/divine providence (10)]
  7175 | D:7      | You fall into a shaft and drop 2 floors!
  7475 | D:9      | Found a runed translucent door.
  7486 | D:9      | Found a basalt altar of Yredelemnul.
  7571 | D:9      | Found a flagged portal.
  7573 | D:9      | Noticed a troll
  7585 | D:9      | Killed a troll
  7694 | Bailey   | Entered a bailey
  8171 | D:8      | Reached ** piety under Wu Jian
  8388 | D:8      | Reached XP level 10. HP: 76/79 MP: 10/10
  8434 | D:8      | Found a staircase to the Lair.
  8702 | D:7      | Found a bloodstained altar of Trog.
  8978 | D:7      | Found a shimmering blue altar of Sif Muna.
  8996 | D:7      | Killed Jeremiah
  9259 | D:7      | Found a hide-covered altar of Uskayaw.
  9723 | D:8      | Noticed a manticore
  9738 | D:8      | Slain by a manticore

Illustrated notes

Levels and vault maps discovered:
D:1:      scummos_arrival_star, layout_rooms
D:2:      layout_basic
D:3:      minmay_door_path, layout_loops_corners,
          dreamdust_ecumenical_altar_grove, chequers_serial_rivers_small_a,
          minmay_ogre_servants
D:4:      layout_cave_pods, mainiacjoe_overflow_surrounded_room, serial_shops,
          kennysheep_mini_moat, kennysheep_boxes
D:5:      layout_rooms, grunt_temple_overflow_forces_of_nature,
          mainiacjoe_overflow_tiny_flanked, minmay_temple_entry_nine_rooms,
          kennysheep_generic_room_2, uniq_pikel, uniq_edmund
D:6:      layout_layer_cave, grunt_dithmenos_smoke_and_mirrors, serial_shops,
          nicolae_shop_back_alley_shop
D:7:      layout_cave_pools, trog_butcher_becter, mainiacjoe_overflow_two_lobes,
          roderic_roman_lattice, uniq_jeremiah
D:8:      kennysheep_blocky_room, layout_loops_ring
D:9:      gammafunk_jiyva_shrine, layout_basic, dk_yredelemnul_ordeal,
          enter_bailey_2
Temple:   oiseaux_autumnal_temple

Skill      XL: |  1  2  3  4  5  6  7  8  9 10 |
---------------+-------------------------------+-----
Staves         | 3 4 5 6 8 9 |  9.3
Fighting       | 4 5 6 7 |  7.9
Armour         | 4 5 6 7 |  7.8
Shields        | 5 6 7 8 9 |  9.3

Action                     |  1- 3 |  4- 6 |  7- 9 | 10-12 || total
---------------------------+-------+-------+-------+-------++-------
  Melee: Quarterstaff      |    87 |   138 |   484 |   151 ||   860
Ability: Dig               |     2 |       |     3 |       ||     5
         Lunge             |       |       |    23 |    10 ||    33
         Whirlwind         |       |       |    14 |    11 ||    25
         Shaft Self        |       |       |     1 |     1 ||     2
    Use: Potion            |       |     1 |     1 |       ||     2
         Scroll            |       |       |     5 |       ||     5
   Stab: Sleeping          |       |       |     2 |     1 ||     3
 Armour: Scale mail        |    92 |    92 |       |       ||   184
         Leather armour    |       |     4 |   273 |    97 ||   374
  Dodge: Dodged            |    58 |    71 |   147 |    50 ||   326
  Block: Buckler           |    39 |    36 |   108 |    32 ||   215

Table legend: (Time is in decaauts)
 A = Elapsed time spent in this place.
 B = Non-inter-level travel time spent in this place.
 C = Inter-level travel time spent in this place.
 D = Time resting spent in this place.
 E = Time spent auto-exploring this place.
 F = Levels seen in this place.
 G = Mean time per level.
                   A        B        C        D        E       F      G
               +--------+--------+--------+--------+--------+-----+--------+
         Total |   9756 |   9556 |    200 |   2372 |   5118 |  11 |  886.9 |
       Dungeon |   9438 |   9238 |    200 |   2311 |   5105 |   9 | 1048.7 |
        Temple |    119 |    119 |      0 |      0 |      0 |   1 |  119.0 |
        Bailey |    198 |    198 |      0 |     61 |     13 |   1 |  198.0 |
               +--------+--------+--------+--------+--------+-----+--------+

Top non-repeatable levels by time:
     D:6: 1683 daAuts
     D:3: 1595 daAuts
     D:5: 1185 daAuts
     D:4: 1118 daAuts
     D:7: 1096 daAuts
     D:9: 940 daAuts
     D:2: 749 daAuts
     D:8: 562 daAuts
     D:1: 507 daAuts
  Bailey: 198 daAuts
  Temple: 119 daAuts
